 Dungeon Crawl Stone Soup version 0.20-a0-1122-gb7cbeb9 (webtiles) character file.

569 M4edhros the Covert (level 7, 0/43 HPs)
             Began as an Octopode Artificer on May 12, 2017.
             Killed from afar by a dart slug (2 damage)
             ... with a slug dart
             ... on level 5 of the Dungeon.
             The game lasted 00:02:53 (2432 turns).

M4edhros the Covert (Octopode Artificer)            Turns: 2432, Time: 00:02:55

Health: 0/43       AC:  1    Str: 12    XL:     7   Next: 33%
Magic:  9/9        EV: 14    Int: 13    God:
Gold:   159        SH:  0    Dex: 14    Spells: 6/6 levels left

rFire    . . .     SeeInvis .   B - +6 quarterstaff "Gram" {crush, rC+}
rCold    + . .     Gourm    .   (shield currently unavailable)
rNeg     . . .     Faith    .   (helmet restricted)
rPois    .         Spirit   .   (no amulet)
rElec    .         Reflect  .   (no ring)
rCorr    .         Harm     .   (no ring)
MR       .....                  (no ring)
Stlth    +++++.....             (no ring)
Regen    0.2/turn               (no ring)
MPRegen  0.2/turn               (no ring)
                                (no ring)
                                (no ring)

@: no status effects
A: almost no armour, stealthy swim, amphibious, 8 rings, constrict 8, camouflage
1, gelatinous body 1
a: no special abilities


You were on level 5 of the Dungeon.
You were not hungry.

You visited 1 branch of the dungeon, and saw 5 of its levels.

You collected 159 gold pieces.

Inventory:

Hand Weapons
 a - a +0 short sword
 w - a +0 rapier
 y - a +0 mace of protection
 B - the +6 quarterstaff "Gram" (weapon) {crush, rC+}
   (You found it on level 5 of the Dungeon)

   It inflicts extra damage upon your enemies.
   It protects you from cold.
Missiles
 n - 24 sling bullets
 p - 42 stones (quivered)
Wands
 b - a wand of flame (3/48)
 c - a wand of enslavement (14/24)
 d - a wand of random effects (13/48)
Scrolls
 e - a scroll of enchant weapon {unknown}
 g - 2 scrolls of random uselessness {unknown}
 j - a scroll of remove curse
 k - 6 scrolls of identify {unknown}
 m - a scroll of amnesia {unknown}
 v - a scroll of immolation {unknown}
 z - a scroll of vulnerability {unknown}
Potions
 h - a potion of flight {unknown}
 l - a potion of agility {unknown}
 o - a potion of curing {unknown}
 q - a potion of heal wounds {unknown}
 r - a potion of cancellation {unknown}
 t - a potion of brilliance {unknown}
 u - a potion of invisibility {unknown}
Books
 A - a book of Maledictions

   Spells                             Type                      Level
   a - Corona                         Hexes                        1
   b - Ensorcelled Hibernation        Hexes/Ice                    2
   c - Confuse                        Hexes                        3
   d - Tukima's Dance                 Hexes                        3
   e - Dazzling Spray                 Conjuration/Hexes            3
Comestibles
 f - 4 bread rations
 i - 8 fruits
 s - 2 meat rations
 x - a royal jelly


   Skills:
 + Level 1.5 Fighting
 - Level 1.0 Short Blades
 + Level 1.1 Staves
 + Level 2.3 Dodging
 + Level 10.3 Stealth
 - Level 3.2 Evocations


You had 6 spell levels left.
You didn't know any spells.

Dungeon Overview and Level Annotations

Branches:
Dungeon (5/15)
 Temple: D:4-7

Altars:
Dithmenos
Kikubaaqudgha
Nemelex Xobeh
Qazlal
Wu Jian


Innate Abilities, Weirdness & Mutations

You cannot wear most types of armour.
You are very stealthy in the water. (Stealth+)
You are amphibious.
You can wear up to eight rings at the same time.
You can use your tentacles to constrict eight enemies at once.
Your skin changes colour to match your surroundings (Stealth+).
Your rubbery body absorbs attacks. (AC +1, EV +1)


Message History

The puff of flame hits the ice beast.
The ice beast appears unharmed.
The ice beast is severely wounded.
This wand has 4 charges left.
The ice beast hits you.
* * * LOW HITPOINT WARNING * * *
The ice beast freezes you. You resist.
* * * LOW HITPOINT WARNING * * *
Evoke which item? (* to show all) (? for menu, Esc to quit)
Okay, then.
Okay, then.
Evoke which item? (* to show all) (? for menu, Esc to quit)
Aiming: Throw Flame
Press: ? - help, Shift-Dir - straight line, f/p - ice beast
Aim: an ice beast (severely wounded)
The puff of flame hits the ice beast.
The ice beast melts!
You kill the ice beast!
Your Staves skill increases to level 1!
This wand has 3 charges left.
The dart slug launches a dart at you. The slug dart hits you!
You die...

#####........
#........
#........
######........
#.............
#.####........
#.#.....#+##.#
...####.#.###.#
.#
.....w.@...##.#
....#.###..##.#
. ..#.###..##.#
.........##.#
.##.####.##.#
#....# ######


You could see a dart slug.

Vanquished Creatures
  The ghost of M4edhros the Covert, an amateur OpAr (D:4)
  An ice beast (D:5)
  A bullfrog skeleton (D:5)
  3 orc priests
  2 orc wizards (D:5)
  2 worker ants
  3 adders (D:2)
  A shadow imp (D:5)
  An adder zombie (D:5)
  A worm (D:4)
  3 dart slugs (D:1)
  11 orcs
  2 giant cockroaches
  6 hobgoblins
  2 jackals (D:4)
  A quokka (D:3)
  2 bats (D:1)
  A frilled lizard (D:5)
  4 kobolds
  6 rats
54 creatures vanquished.

Notes
Turn   | Place    | Note
-------+----------+-------------------------------------------
     0 | D:1      | M4edhros the Octopode Artificer began the quest for the Orb.
     0 | D:1      | Reached XP level 1. HP: 13/13 MP: 3/3
    54 | D:1      | Reached skill level 2 in Stealth
   134 | D:1      | Reached skill level 3 in Stealth
   134 | D:1      | Reached XP level 2. HP: 18/18 MP: 4/4
   424 | D:1      | Reached skill level 4 in Stealth
   440 | D:2      | Reached XP level 3. HP: 17/23 MP: 5/5
   817 | D:2      | Reached skill level 5 in Stealth
   838 | D:2      | Found a stormy altar of Qazlal.
   947 | D:3      | Found a shadowy altar of Dithmenos.
  1238 | D:4      | Reached XP level 4. HP: 28/28 MP: 6/6
  1333 | D:4      | Found an ancient bone altar of Kikubaaqudgha.
  1355 | D:4      | Found an ornate altar of the Wu Jian Council.
  1355 | D:4      | Found a sparkling altar of Nemelex Xobeh.
  1380 | D:4      | Noticed M4edhros's ghost (amateur OpAr)
  1453 | D:4      | Killed M4edhros's ghost
  1453 | D:4      | Reached skill level 8 in Stealth
  1453 | D:4      | Reached XP level 5. HP: 33/33 MP: 7/7
  1453 | D:4      | Reached XP level 6. HP: 38/38 MP: 8/8
  1777 | D:4      | Reached skill level 9 in Stealth
  1799 | D:5      | Entered Level 5 of the Dungeon
  2230 | D:5      | Reached skill level 10 in Stealth
  2230 | D:5      | Reached XP level 7. HP: 43/43 MP: 9/9
  2335 | D:5      | Got a faintly glowing quarterstaff
  2336 | D:5      | Identified the +6 quarterstaff "Gram" {crush, rC+} (You found it on level 5 of the Dungeon)
  2431 | D:5      | HP: 2/43 [ice beast (5)]
  2432 | D:5      | Reached skill level 1 in Staves
  2432 | D:5      | Killed from afar by a dart slug

Vault maps used:
D:1:      nicolae_arrival_memento_mori
D:2:      first_bread, st_stairs_1, grunt_qazlal_sundering
D:3:      grunt_dithmenos_smoke
D:4:      gammafunk_temple_overflow_elements, lemuel_crystal_altar,
          roderic_roman_lattice

Skill      XL: |  1  2  3  4  5  6  7 |
---------------+----------------------+-----
Stealth        | 3 4 5 8 10 | 10.3
Staves         | 1 |  1.1
Fighting       | |  1.5
Short Blades   | |  1.0
Dodging        | |  2.3
Evocations     | |  3.2

Action                   |  1- 3 |  4- 6 |  7- 9 || total
-------------------------+-------+-------+-------++-------
Melee: Short sword       |    49 |       |       ||    49
       Constrict         |    16 |    11 |     1 ||    28
       Tentacles         |     5 |     6 |     2 ||    13
       Rapier            |       |    41 |       ||    41
       Quarterstaff      |       |       |     7 ||     7
       Mace              |       |       |     2 ||     2
Evoke: Wand              |     2 |    10 |     3 ||    15
  Use: Scroll            |       |     1 |       ||     1
 Stab: Sleeping          |    11 |     8 |     2 ||    21
  Eat: Chunk             |       |     4 |     1 ||     5
Armor: Skin              |     7 |     1 |       ||     8
Dodge: Dodged            |    36 |    20 |     5 ||    61
